[Event "Early-Titled-Tuesday-Blitz-October-03-2023"]
[Site "Chess.com"]
[Date "2023.10.03"]
[Round "11"]
[White "chesskov1982"]
[Black "Aradhya2000"]
[Result "1-0"]
[WhiteElo "2830"]
[BlackElo "2709"]
[TimeControl "180+1"]
[EndTime "10:07:32 PDT"]
[Termination "chesskov1982 won by resignation"]

1. d4 d5 2. Nc3 Nf6 3. Bf4 c5 4.
e4 Nxe4 5. Nxe4 dxe4 6. dxc5 Qa5+ 7. c3 Qxc5 8. Qa4+ Nc6 9. Qxe4 g6 10. Nf3 Bg7 11.
Qe3 Qxe3+ 12. Bxe3 Bd7 13. Bc4 Na5 14. Be2 b6 15.
O-O-O Rc8 16. Ba6 Rd8 17. Bf4 f6 18. b4 Nc6 19. Bc7 f5 20. Bxd8 Kxd8 21. Ng5 Kc7 22.
Rxd7+ Kxd7 23. Rd1+ Nd4 24. cxd4 Rb8 25. Bb5+ Kd6 26.
Kc2 Kd5 27. Kd3 Rc8 28. Bd7 Rc7 29. Be6+ Kd6 30. Bb3 Bf6 31. Nxh7 Bg7 32. Re1 Kd7 33. Ng5 Bf6 34. Ne6 Rc8 35. Ba4+ Kd6 36. Nf4 e5 37. dxe5+ Bxe5 38. Nxg6 Bf6 39. Nf4 Be5 40. g3 Rc3+ 41. Ke2 Rc4 42. Bb3 Rxb4 43. Rd1+ Kc6 44. Bd5+ Kc7 45. h4 Bxf4 46. gxf4 Rxf4 47. Rh1 Rd4 48. Bf3 Rd6 49. h5 Rh6 50. Ke3 Kd6 51. Kf4 Ke6 52.
Kg5 Rh8 53. Re1+ Kf7 54. h6 Rg8+ 55. Kh5 Kf6 56. h7 Rg5+ 57. Kh4 Kg7 58. h8=Q+ Kxh8 59. Kxg5 Kg7 60. Kf4 Kf6 61. Re5 Kg6 62. Rxf5 1-0

[Event "Early-Titled-Tuesday-Blitz-October-03-2023"]
[Site "Chess.com"]
[Date "2023.10.03"]
[Round "11"]
[White "viktorskliarov"]
[Black "MikaelyanArman"]
[Result "0-1"]
[WhiteElo "2655"]
[BlackElo "2852"]
[TimeControl "180+1"]
[EndTime "10:07:33 PDT"]
[Termination "MikaelyanArman won on time"]

1. e4 b6 2. d4 Bb7 3. Bd3 e6 4. Qe2 d5 5. e5 c5 6. c3 Ne7 7. Nf3 a5 8. a4 Ba6 9. Na3 Bxd3 10. Qxd3 Nf5 11. Bg5 Be7 12. Bxe7 Qxe7 13. Nb5 O-O 14.
O-O Nc6 15. Rfe1 Rac8 16. g4 Nh4 17. Nxh4 Qxh4 18. Qg3 Qe7 19. Rad1 cxd4 20. Nxd4 Nxd4 21. Rxd4 b5 22. axb5 Rb8 23. Qd3 Qc5 24. g5 Qxb5 25.
Qh3 Qxb2 26. Rh4 Qc2 27. Re3 a4 28. Rg3 Qg6 29. Rxa4 Rb2 30. Rb4 Rxb4 31. cxb4 Qb1+ 32. Kg2 Qxb4 33. Rg4 Qb1 34. Qc3 Qb7 35. f3 Rc8 36.
Qd3 Qb2+ 37. Kg3 Qxe5+ 38. f4 Qe1+ 39. Kg2 Rc3 40. Qd4 Qe2+ 0-1

[Event "Early-Titled-Tuesday-Blitz-October-03-2023"]
[Site "Chess.com"]
[Date "2023.10.03"]
[Round "11"]
[White "N4700000"]
[Black "HanSchut"]
[Result "0-1"]
[WhiteElo "2379"]
[BlackElo "2322"]
[TimeControl "180+1"]
[EndTime "10:07:33 PDT"]
[Termination "HanSchut won on time"]

1. e4 c5 2. Nf3 d6 3. Bb5+ Bd7 4. c4 g6 5. O-O Bg7 6. d4 cxd4 7. Nxd4 Nf6 8. Nc3 O-O 9. h3 a6 10. Bxd7 Qxd7 11.
Be3 Rc8 12. b3 b5 13. Nd5 Nxd5 14. cxd5 Qb7 15. Rc1 Nd7 16. f4 Nc5 17. Qf3 Nd3 18.
Rxc8+ Rxc8 19. Nc6 e6 20. Rd1 exd5 21. exd5 Nc5 22.
Bxc5 dxc5 23. Qe4 Kh8 24. d6 Qd7 25. Ne5 Bxe5 26. fxe5 Re8 27. Qd5 c4 28. bxc4 bxc4 29. Qxc4 Rxe5 30. Qc7 Qa4 31. Rc1 Rd5 32. Qc8+ Kg7 33.
Qc3+ Qd4+ 34. Qxd4+ Rxd4 35. Rc6 a5 36. Ra6 a4 37. d7 Rxd7 38. Rxa4 Rc7 39. Ra6 Rc2 0-1

[Event "Early-Titled-Tuesday-Blitz-October-03-2023"]
[Site "Chess.com"]
[Date "2023.10.03"]
[Round "11"]
[White "Zavgorodniy_Sergiy"]
[Black "Zablotsky"]
[Result "1-0"]
[WhiteElo "2643"]
[BlackElo "2732"]
[TimeControl "180+1"]
[EndTime "10:07:36 PDT"]
[Termination "Zavgorodniy_Sergiy won by resignation"]

1. e4 d6 2. d4 Nf6 3. Nc3 e5 4. Nge2 c6 5. h3 b5 6. a3 h5 7. g3 a5 8. Bg2 Ba6 9. dxe5 dxe5 10. Qxd8+ Kxd8 11. Bg5 Nd7 12. f4 Bd6 13. fxe5 Bxe5 14.
O-O-O Kc7 15. Nf4 b4 16. axb4 axb4 17. Nb1 Bb5 18. Nd3 Rhb8 19. Nxe5 Nxe5 20. Bf4 Re8 21. g4 hxg4 22. hxg4 Nxg4 23. Rh7 b3 24. Rxg7 bxc2 25. Kxc2 Kb6 26. Nc3 Nf2 27. Nxb5 Nxd1 28. Nd6 Re6 29. Bxe5 Ne3+ 30. Kd3 Nxg2 31. Nc4+ Kb5 32. Rxg2 Kb4 33. Bc3+ Kb3 34. Nd2+ Ka2 35. e5 Rd8+ 36. Kc4 Rd5 37. Rg8 Rxd2 38. Bxd2 Kxb2 39. Bc3+ Kc2 40. Rg2+ Kd1 41.
Kd3 1-0

[Event "Early-Titled-Tuesday-Blitz-October-03-2023"]
[Site "Chess.com"]
[Date "2023.10.03"]
[Round "11"]
[White "ozates"]
[Black "vladoboch"]
[Result "1-0"]
[WhiteElo "2632"]
[BlackElo "2431"]
[TimeControl "180+1"]
[EndTime "10:07:36 PDT"]
[Termination "ozates won by resignation"]

1. g3 d5 2. Bg2 c6 3. c4 Nf6 4. Qc2 Bg4 5. Nf3 e6 6. O-O Be7 7. b3 O-O 8. Bb2 Nbd7 9. d3 a5 10.
a3 Rc8 11. Nbd2 b5 12. Rfe1 Qb6 13. e4 dxe4 14. Nxe4 Nxe4 15. dxe4 Bc5 16. Rad1 Rfd8 17. Rd2 Nf8 18. Ne5 Bh5 19. g4 Bg6 20. h4 h5 21.
g5 Bd4 22. Rxd4 Rxd4 23. c5 Qd8 24.
Qc3 Rd1 25. Rxd1 Qxd1+ 26. Kh2 b4 27. axb4 axb4 28. Qxb4 Nd7 29. Qc3 Nxe5 30. Qxe5 Kf8 31. Qxg7+ Ke8 32. Be5 Kd7 33. Qf6 Qg4 34. Bg3 Ra8 35. Qd4+ Ke8 36. Qh8+ 1-0

[Event "Early-Titled-Tuesday-Blitz-October-03-2023"]
[Site "Chess.com"]
[Date "2023.10.03"]
[Round "11"]
[White "OchsenfroschGambit"]
[Black "mmDarko"]
[Result "1-0"]
[WhiteElo "2475"]
[BlackElo "2327"]
[TimeControl "180+1"]
[EndTime "10:07:36 PDT"]
[Termination "OchsenfroschGambit won on time"]

1. d4 Nf6 2. c4 e6 3. Nc3 Bb4 4. f3 d5 5. a3 Bxc3+ 6. bxc3 O-O 7. cxd5 exd5 8. e3 Bf5 9. Ne2 Re8 10. g4 Bg6 11. h4 h5 12. g5 Nfd7 13. Nf4 c5 14. Kf2 Nc6 15. Nxd5 Qa5 16. e4 cxd4 17. cxd4 Rxe4 18.
fxe4 Bxe4 19. Bc4 Bxd5 20. Bxd5 Qxd5 21. Be3 f6 22. Qf3 Qd6 23. g6 Nb6 24. Qxh5 Qd5 25. Qh7+ Kf8 26. Qh8+ Ke7 27. Qxg7+ Ke6 28. Qf7+ Kd6 29.
Bf4+ 1-0

[Event "Early-Titled-Tuesday-Blitz-October-03-2023"]
[Site "Chess.com"]
[Date "2023.10.03"]
[Round "11"]
[White "Korchmar_Vasiliy"]
[Black "MightyGMpretender"]
[Result "1-0"]
[WhiteElo "2711"]
[BlackElo "2807"]
[TimeControl "180+1"]
[EndTime "10:07:37 PDT"]
[Termination "Korchmar_Vasiliy won by resignation"]

1. e4 e6 2. d4 d5 3. e5 c5 4.
c3 Nc6 5. Nf3 Bd7 6. Be2 f6 7. O-O fxe5 8. dxe5 Qc7 9. c4 d4 10.
Bf4 h6 11. Nbd2 g5 12. Bg3 O-O-O 13. Ne4 Kb8 14. Nd6 Bc8 15. b4 Nxb4 16. Rb1 Nc6 17. Bd3 g4 18. Nh4 h5 19. Ng6 Rh6 20. Qa4 Rxd6 21.
exd6 Bxd6 22. Be4 Nce7 23. Qe8 b6 24. Nxe7 Nxe7 25. Rb3 Rf6 26. Rfb1 Bxg3 27. hxg3 Nf5 28. Qa4 Nd6 29. Rxb6+ Qxb6 30. Rxb6+ axb6 31. Qa8+ Kc7 32. Qc6+ Kd8 33. Qxd6+ Bd7 34. Qxb6+ Ke8 35. Qxc5 e5 36. Qxe5+ Re6 37. Qxd4 Ke7 38. Qc5+ Kf6 39. Qf8+ Ke5 40. Qf4+ Kd4 41. Bd5+ Re4 42. Qxe4+ 1-0

[Event "Early-Titled-Tuesday-Blitz-October-03-2023"]
[Site "Chess.com"]
[Date "2023.10.03"]
[Round "11"]
[White "Nekoo04"]
[Black "dadice10"]
[Result "1-0"]
[WhiteElo "2293"]
[BlackElo "2157"]
[TimeControl "180+1"]
[EndTime "10:07:38 PDT"]
[Termination "Nekoo04 won on time"]

1. d4 d5 2. c4 dxc4 3. Nf3 Nf6 4. g3 g6 5. Bg2 Bg7 6. O-O O-O 7. Ne5 Nc6 8. Nxc6 bxc6 9. e3 Rb8 10. Qa4 Rb6 11.
Bxc6 Bh3 12. Re1 e5 13. dxe5 Ng4 14. f4 Qd3 15. Nc3 Rfb8 16. Be4 Qd8 17. Qxc4 Rb4 18.
Qd5 Qe8 19. a3 R4b6 20. Rd1 Bf6 21. b4 Rd8 22. Qb3 Rxd1+ 23. Qxd1 Nxe5 24. Nd5 Nc4 25. Nxf6+ Rxf6 26. Qd4 Rd6 27. Qxc4 Rd1+ 28. Kf2 Rf1+ 29. Ke2 Be6 30. Bd5 1-0

[Event "Early-Titled-Tuesday-Blitz-October-03-2023"]
[Site "Chess.com"]
[Date "2023.10.03"]
[Round "11"]
[White "Kyrie-Eleven"]
[Black "Cheer_Down"]
[Result "0-1"]
[WhiteElo "2301"]
[BlackElo "2393"]
[TimeControl "180+1"]
[EndTime "10:07:39 PDT"]
[Termination "Cheer_Down won by resignation"]

1. d4 Nf6 2. c4 g6 3. Nc3 d5 4. cxd5 Nxd5 5. e4 Nxc3 6. bxc3 Bg7 7. Nf3 c5 8. h3 O-O 9. Be2 b6 10. O-O cxd4 11. cxd4 Bb7 12. e5 Na6 13. Bg5 Nc7 14. Rc1 Nd5 15. Bc4 Rc8 16. Qd2 Qd7 17. Bh6 Rc7 18.
Bxg7 Kxg7 19. Ng5 h6 20. Ne4 Rfc8 21. Bd3 Qa4 22. Rxc7 Rxc7 23. Bb1 Qb4 24. Qd1 Nc3 25. Nxc3 Qxc3 26. e6 f5 27. Re1 Rc4 28. d5 Rd4 29. Qe2 Rxd5 30. h4 Rd2 31. Qb5 Qd4 32. Rf1 Qd5 33.
Qxd5 Bxd5 34. Re1 Kf6 35. h5 gxh5 36. Rc1 Bxe6 37. f3 h4 38. Kh2 Bxa2 39. Bxa2 Rxa2 40. Rc6+ e6 41. Kh3 b5 42. g3 hxg3 43. Kxg3 b4 44. Kf4 a5 45. Rc8 a4 46. Rf8+ Ke7 47. Ra8 b3 48. Ke5 Re2+ 49. Kf4 b2 50. Rxa4 b1=Q 51. Ra7+ Kf6 52. Ra8 Qc1+ 53. Kg3 Qe1+ 0-1

[Event "Early-Titled-Tuesday-Blitz-October-03-2023"]
[Site "Chess.com"]
[Date "2023.10.03"]
[Round "11"]
[White "ChainedDowntohell"]
[Black "Herzog2012"]
[Result "1-0"]
[WhiteElo "2430"]
[BlackElo "2490"]
[TimeControl "180+1"]
[EndTime "10:07:40 PDT"]
[Termination "ChainedDowntohell won by checkmate"]

1. d4 Nf6 2. c4 e6 3. Nc3 Bb4 4. Bd2 b6 5. e3 Bb7 6. Nge2 O-O 7. a3 Be7 8. Nf4 d5 9. cxd5 exd5 10. Bd3 c5 11.
O-O cxd4 12. exd4 Nc6 13. Be3 Re8 14. Qf3 Qd7 15. Rad1 Rad8 16. h3 Bf8 17. Rfe1 Na5 18. Bb5 Bc6 19. Bxc6 Qxc6 20. Nd3 Ne4 21. Ne5 Qb7 22.
Rc1 f6 23. Nd3 Nb3 24. Rc2 Qa6 25. Rd1 Nxc3 26. Rxc3 Na5 27. Nf4 Nc4 28. Nxd5 Nxb2 29. Rdc1 Na4 30. Rc7 Rc8 31. Nxf6+ gxf6 32. Rxc8 Rxc8 33.
Qg4+ Kf7 34. Rxc8 Qb7 35. Bf4 Be7 36. Qg8# 1-0

[Event "Early-Titled-Tuesday-Blitz-October-03-2023"]
[Site "Chess.com"]
[Date "2023.10.03"]
[Round "11"]
[White "Gurvich_Vitaly"]
[Black "the_chess_child"]
[Result "0-1"]
[WhiteElo "2734"]
[BlackElo "2868"]
[TimeControl "180+1"]
[EndTime "10:07:41 PDT"]
[Termination "the_chess_child won on time"]

1. e4 c5 2. Nf3 d6 3. d4 cxd4 4. Qxd4 Nc6 5. Bb5 Nf6 6. Nc3 Bd7 7. Bxc6 Bxc6 8. Bg5 e6 9. O-O-O Be7 10. Qd3 h6 11.
Bxf6 Bxf6 12. Nd4 Be7 13. f4 O-O 14. f5 Bd7 15. Kb1 Rc8 16. Qh3 Bf6 17. Rhe1 Qb6 18.
Qd3 Be5 19. g3 Rc5 20. Ka1 Rfc8 21. fxe6 fxe6 22. Rf1 a5 23. g4 Rc4 24. Nde2 a4 25.
a3 Bb5 26. Qd2 Rxc3 27. Nxc3 Bxf1 28. Rxf1 Bxc3 29. bxc3 Qc5 30. Rf3 Qxa3+ 31. Kb1 Rc5 32. Qd3 e5 33. g5 hxg5 34. Rf5 Rc6 35. Qd5+ Kh7 36. Rf6 Rb6+ 0-1

[Event "Early-Titled-Tuesday-Blitz-October-03-2023"]
[Site "Chess.com"]
[Date "2023.10.03"]
[Round "11"]
[White "ShiroglanTalibov"]
[Black "chito89"]
[Result "1-0"]
[WhiteElo "2927"]
[BlackElo "2822"]
[TimeControl "180+1"]
[EndTime "10:07:42 PDT"]
[Termination "ShiroglanTalibov won on time"]

1. Nf3 d5 2. g3 Nd7 3. d4 Nb6 4. a4 a5 5. Qd3 Nf6 6. Bg2 Bg4 7. Ne5 Bh5 8. Nc3 e6 9. e4 Be7 10. exd5 exd5 11. Qb5+ c6 12. Qd3 O-O 13. O-O Nfd7 14. Qf5 Nxe5 15. Qxh5 Ng6 16. Qd1 Bf6 17. Ne2 Re8 18.
Nf4 Nxf4 19. Bxf4 Nc4 20. b3 Nd6 21. Qd3 g6 22. Rfe1 Nf5 23. c3 Qb6 24. Qc2 Kg7 25.
h4 h5 26. Bh3 Ne7 27. Re2 Ng8 28. Rae1 Rxe2 29. Rxe2 c5 30. Be5 Re8 31. Bd7 Re7 32. dxc5 Qxc5 33. Bxf6+ Nxf6 34. Rxe7 Qxe7 35. Bb5 Qe1+ 36. Kg2 Ne4 37. c4 d4 38. c5 f5 39.
Bd3 Nc3 40. Qb2 Kf6 41. b4 axb4 42. Qxb4 Qe5 43. Qb6+ 1-0

[Event "Early-Titled-Tuesday-Blitz-October-03-2023"]
[Site "Chess.com"]
[Date "2023.10.03"]
[Round "11"]
[White "VovenRogel"]
[Black "blitzking1729"]
[Result "1-0"]
[WhiteElo "2867"]
[BlackElo "2736"]
[TimeControl "180+1"]
[EndTime "10:07:42 PDT"]
[Termination "VovenRogel won by resignation"]

1. Nf3 d5 2. d4 Nf6 3. c4 e6 4.
Nc3 c6 5. Bg5 Nbd7 6. e3 Be7 7.
Qc2 h6 8. Bh4 O-O 9. Rd1 Qa5 10.
a3 dxc4 11. Bxc4 b5 12. Be2 Bb7 13. O-O Rac8 14. Ne5 Rfe8 15. Nxd7 Nxd7 16. Bxe7 Rxe7 17. Ne4 e5 18. Nd6 Rc7 19. Nxb7 Rxb7 20. Qxc6 Rc7 21.
Qxb5 Qxb5 22. Bxb5 exd4 23. Rxd4 Ne5 24. Rfd1 g5 25. h3 Rb7 26. Rd5 Ng6 27. b4 Re6 28. Bd3 Ne7 29. Rd8+ Kg7 30. Rc1 Nc6 31. Rd5 Ne7 32.
Ra5 Rf6 33. Rac5 Rd7 34. Be4 Rd2 35. Bf3 Ra2 36. Rc7 Ng6 37. Rxa7 Ne5 38. Bd5 Raxf2 39. Re7 Ng6 40. Rec7 Rd2 41. Bf3 Nh4 42. Be4 Ra2 43. R7c3 Rff2 44. Rf1 Rfe2 45. Rc7 Kf8 46.
Rfxf7+ Kg8 47. Bh7+ 1-0

[Event "Early-Titled-Tuesday-Blitz-October-03-2023"]
[Site "Chess.com"]
[Date "2023.10.03"]
[Round "11"]
[White "Rutricks"]
[Black "Triumphmate"]
[Result "1-0"]
[WhiteElo "2699"]
[BlackElo "2507"]
[TimeControl "180+1"]
[EndTime "10:07:42 PDT"]
[Termination "Rutricks won on time"]

1. Nf3 d5 2. b3 e6 3. Bb2 Nf6 4. g3 Be7 5. Bg2 O-O 6. O-O b6 7. c4 Bb7 8. e3 Nbd7 9. Qe2 c5 10. cxd5 Nxd5 11. Nc3 Bf6 12. Rab1 a5 13. Rfd1 Ba6 14. Nb5 Bxb2 15. Rxb2 Qf6 16. Rbb1 Nc7 17. a4 Nxb5 18. axb5 Bb7 19. Ne5 Nxe5 20. Bxb7 Rad8 21. d4 cxd4 22.
exd4 Ng6 23. Qc4 Rd6 24. b4 axb4 25. Rxb4 Rfd8 26. Ra4 h5 27. h4 Ne5 28. Qe2 Ng4 29.
Be4 Rxd4 30. Rdxd4 Rxd4 31. Ra8+ Rd8 32. Bh7+ 1-0

[Event "Early-Titled-Tuesday-Blitz-October-03-2023"]
[Site "Chess.com"]
[Date "2023.10.03"]
[Round "11"]
[White "UNSTOPPABLE_LEGEND"]
[Black "VOneChess"]
[Result "1-0"]
[WhiteElo "2459"]
[BlackElo "2259"]
[TimeControl "180+1"]
[EndTime "10:07:43 PDT"]
[Termination "UNSTOPPABLE_LEGEND won by checkmate"]

1. d4 Nf6 2. c4 e6 3. Nf3 Bb4+ 4. Nbd2 c5 5. a3 Bxd2+ 6. Qxd2 cxd4 7. Nxd4 O-O 8. g3 Nc6 9. Bg2 d5 10. cxd5 Nxd5 11.
Nxc6 bxc6 12. O-O Ba6 13. b4 Qb6 14. Bb2 Rfd8 15. Qg5 f6 16. Qg4 c5 17. bxc5 Qc6 18. e4 Ne7 19. Bxf6 Ng6 20. Bxd8 Bxf1 21. Rxf1 Rxd8 22. Rc1 Ne5 23. Qg5 Nf7 24. Qe3 e5 25. Bf1 Rd4 26. Bc4 Rxe4 27. Qb3 Rxc4 28. Qb8+ Nd8 29.
Qxd8+ Kf7 30. Rxc4 Qf3 31. Qd7+ Kf8 32. Rb4 Qa8 33. c6 a5 34. Rb7 Qe8 35. Qd6+ Kg8 36. Re7 Qa8 37. Qe6+ Kh8 38. Re8+ Qxe8 39. Qxe8# 1-0

[Event "Early-Titled-Tuesday-Blitz-October-03-2023"]
[Site "Chess.com"]
[Date "2023.10.03"]
[Round "11"]
[White "ama18"]
[Black "andrzej"]
[Result "1-0"]
[WhiteElo "2552"]
[BlackElo "2457"]
[TimeControl "180+1"]
[EndTime "10:07:44 PDT"]
[Termination "ama18 won by resignation"]

1. e4 e5 2. Nf3 Nf6 3. Nxe5 d6 4. Nf3 Nxe4 5. Nc3 Nxc3 6. dxc3 Be7 7. Be3 Nd7 8. Qd2 Ne5 9. Nd4 c5 10. Bb5+ Bd7 11. Bxd7+ Qxd7 12. Ne2 Nc4 13. Qc1 Qe6 14. Nf4 Qe4 15. b3 Nxe3 16. Qxe3 Qxe3+ 17. fxe3 Bg5 18. Nd5 O-O-O 19. h4 Bh6 20. g4 g6 21. Kd2 Rhe8 22.
Raf1 Re5 23. c4 f5 24. gxf5 gxf5 25. Rxf5 Rde8 26. Rxe5 Rxe5 27. Kd3 b5 28. e4 bxc4+ 29. bxc4 Rh5 30. Nf6 Re5 31. h5 Rg5 32. Rh3 Rg2 33.
Nxh7 Rd2+ 34. Kc3 Rf2 35. e5 Bg7 36. h6 Bxe5+ 37. Kb3 Bf4 38. Nf6 Be5 39. Ng4 Bd4 40. Nxf2 Bxf2 41. h7 Bd4 42. h8=Q+ Bxh8 43. Rxh8+ Kb7 44.
Ka4 1-0

[Event "Early-Titled-Tuesday-Blitz-October-03-2023"]
[Site "Chess.com"]
[Date "2023.10.03"]
[Round "11"]
[White "JAN2404"]
[Black "nitpicker"]
[Result "0-1"]
[WhiteElo "2078"]
[BlackElo "2239"]
[TimeControl "180+1"]
[EndTime "10:07:47 PDT"]
[Termination "nitpicker won by resignation"]

1. e4 c5 2. Nf3 d6 3. d4 cxd4 4. Nxd4 Nf6 5. Nc3 Nc6 6. Bg5 Qb6 7. Nb3 e6 8. Be2 a6 9. O-O Be7 10. Qd2 Qc7 11. Rad1 b5 12. a3 Bb7 13. Rfe1 Rd8 14. h4 O-O 15. h5 h6 16. Be3 Ne5 17. a4 b4 18. Na2 Nxe4 19. Qxb4 d5 20. Qb6 Qxb6 21.
Bxb6 Rc8 22. c3 Nc4 23. Bxc4 Rxc4 24. Na5 Rxa4 25. Nc1 Ba8 26. b3 Ra1 27. Ne2 Rxd1 28. Rxd1 Nf6 29. Nf4 Rb8 30. Bd4 Bd8 31. b4 Ne4 32.
Nb3 Bc6 33. f3 Nd6 34. Nc5 Bb5 35. Be5 Be7 36. Nfd3 Rc8 37. Re1 Nc4 38. g4 a5 39.
Rb1 Nxe5 40. Kg2 Nxd3 41. Nxd3 Bxd3 42. Kf2 axb4 43. Ke3 0-1

[Event "Early-Titled-Tuesday-Blitz-October-03-2023"]
[Site "Chess.com"]
[Date "2023.10.03"]
[Round "11"]
[White "Beca95"]
[Black "PeshkaCh"]
[Result "0-1"]
[WhiteElo "2998"]
[BlackElo "2820"]
[TimeControl "180+1"]
[EndTime "10:07:48 PDT"]
[Termination "PeshkaCh won by resignation"]

1. e4 e5 2. Nf3 Nc6 3. Bb5 a6 4. Ba4 Nge7 5. c3 Ng6 6. d4 exd4 7. cxd4 d5 8. exd5 Qxd5 9. Nc3 Bb4 10. O-O Bxc3 11. bxc3 O-O 12. Bb3 Qd8 13. Bg5 Qd6 14. Re1 h6 15. Bc1 Bf5 16. d5 Na5 17. c4 Nxb3 18. axb3 Rfe8 19. Nd4 Bd7 20. Be3 Re4 21. f3 Re5 22. Qd2 Rae8 23. Bf2 Rxe1+ 24. Rxe1 Rxe1+ 25. Qxe1 Qe7 26. Qa5 Qg5 27. g4 b6 28. Qe1 Qf6 29. Qe3 c5 30. dxc6 Bxc6 31. Bg3 Bb7 32. Nf5 Qa1+ 33. Kg2 Qb2+ 34. Bf2 Kh7 35. h4 b5 36.
Kg3 bxc4 37. bxc4 Qe5+ 38. Qxe5 Nxe5 39. Nd6 Bc6 40. f4 Nd3 41. Bb6 f6 42. f5 Ne5 43.
Kf4 Nd3+ 44. Kg3 Ne5 45. Ba5 Nd3 46. Nc8 Ne5 47. Ne7 Bd7 48. c5 Nc6 49. Nxc6 Bxc6 50. Kf4 Kg8 51. g5 hxg5+ 52. hxg5 fxg5+ 53. Kxg5 Kf7 54.
Bc3 Bb7 55. Kf4 Bc6 56. Ke5 Bd7 57. Bd2 Bc8 58. Ba5 Bd7 59. Bc3 Kf8 60. Bd2 Kf7 61.
Bb4 Ke8 62. Ke4 Kf7 63. Kf4 g6 64. fxg6+ Kxg6 65. Ke5 Bc6 66. Kd6 Bg2 67. Kc7 a5 68. Kb6 axb4 69. c6 Bxc6 70. Kc5 b3 71. Kb4 b2 0-1

[Event "Early-Titled-Tuesday-Blitz-October-03-2023"]
[Site "Chess.com"]
[Date "2023.10.03"]
[Round "11"]
[White "Maxfan2008"]
[Black "QuintilianoR"]
[Result "0-1"]
[WhiteElo "2571"]
[BlackElo "2664"]
[TimeControl "180+1"]
[EndTime "10:07:50 PDT"]
[Termination "QuintilianoR won on time"]

1. d4 Nf6 2. c4 e6 3. Nc3 Bb4 4. Nf3 b6 5. e3 Bb7 6. Bd3 O-O 7. O-O Bxc3 8. bxc3 d6 9. Nd2 e5 10. e4 Re8 11. f3 Nbd7 12. Rb1 a5 13. a4 Rb8 14. Nb3 Bc6 15. Ra1 Qe7 16. Bg5 h6 17. Bh4 Rbd8 18. Qd2 Nf8 19. Bf2 Ng6 20. Be3 Bb7 21.
Rae1 Qd7 22. Ra1 Bc6 23. d5 Bb7 24. Rfb1 Bc8 25. c5 dxc5 26. Bb5 Qe7 27. Bxe8 Nxe8 28.
Qf2 Nd6 29. Nd2 f5 30. exf5 Bxf5 31. Re1 Rf8 32. Qe2 Qd7 33. Bf2 Kh7 34. Kh1 Nf4 35.
Qa6 Bd3 36. Qa7 Qf7 37. Bg3 e4 38. Bxf4 Qxf4 39. Qxc7 Qxd2 40. Qxd6 exf3 41. gxf3 Rf6 42. Qg3 Rg6 43. Qh3 Bf5 44. Rg1 Bxh3 0-1

[Event "Early-Titled-Tuesday-Blitz-October-03-2023"]
[Site "Chess.com"]
[Date "2023.10.03"]
[Round "11"]
[White "Abund"]
[Black "koncheto"]
[Result "1-0"]
[WhiteElo "2766"]
[BlackElo "2544"]
[TimeControl "180+1"]
[EndTime "10:07:52 PDT"]
[Termination "Abund won on time"]

1. f4 d5 2. Nf3 Nf6 3. e3 c5 4. b3 Nc6 5. Bb2 Bf5 6. Bb5 Rc8 7. Ne5 e6 8. O-O Be7 9. g4 Bg6 10. h4 Nxg4 11. Qxg4 Bxh4 12. d3 Bf5 13. Qxg7 Rf8 14. Bxc6+ bxc6 15. Nf3 Kd7 16. Kh2 Be7 17. Rg1 Bg6 18.
Nbd2 Kc7 19. Qh6 Rg8 20. Rg2 Kb7 21. Rag1 f6 22. Qh3 Qd7 23. Nh4 Bf7 24. Rg7 Rxg7 25. Rxg7 Qe8 26. Ndf3 Ka6 27. Rg1 Qf8 28. Bc3 Qh6 29.
Ng2 Qf8 30. Ngh4 Qh6 31. Rg2 d4 32. Bd2 Bd6 33. e4 Bxf4+ 34. Bxf4 Qxf4+ 35. Qg3 Qe3 36. Qg7 Bh5 37. Qxf6 Rc7 38. Qe5 1-0

[Event "Early-Titled-Tuesday-Blitz-October-03-2023"]
[Site "Chess.com"]
[Date "2023.10.03"]
[Round "11"]
[White "zverr1"]
[Black "Russian_berezka"]
[Result "0-1"]
[WhiteElo "2525"]
[BlackElo "2638"]
[TimeControl "180+1"]
[EndTime "10:07:53 PDT"]
[Termination "Russian_berezka won on time"]

1. e4 e5 2. Nf3 Nc6 3. Bc4 Bc5 4. O-O Nf6 5. d4 Bxd4 6. Nxd4 Nxd4 7. Be3 Nc6 8. f4 d6 9. f5 h6 10. Nc3 Ne7 11. Qf3 Bd7 12. Qg3 Rh7 13. Rad1 Bc6 14. Qh4 Qd7 15. b4 b5 16. Bb3 a5 17. a3 a4 18. Ba2 Kf8 19. Rf3 Qc8 20. Re1 Qb7 21. Bf2 Re8 22. h3 d5 23. Bc5 dxe4 24. Rg3 Nd7 25. Qh5 g6 26. fxg6 fxg6 27. Rf1+ Kg7 28. Rf7+ Kh8 29. Rxh7+ Kxh7 30. Qg4 Nxc5 31. Bf7 Qc8 32. Bxg6+ Kh8 33. Qh5 Ng8 34. Bxe8 Bxe8 0-1

[Event "Early-Titled-Tuesday-Blitz-October-03-2023"]
[Site "Chess.com"]
[Date "2023.10.03"]
[Round "11"]
[White "NelsonLinda"]
[Black "verrbaa"]
[Result "1-0"]
[WhiteElo "2588"]
[BlackElo "2460"]
[TimeControl "180+1"]
[EndTime "10:07:53 PDT"]
[Termination "NelsonLinda won on time"]

1. b3 Nf6 2. Bb2 g6 3. Bxf6 exf6 4. c4 Bg7 5. Nc3 f5 6. e3 O-O 7. Nge2 Re8 8. g3 d6 9. Bg2 Nd7 10. O-O h5 11. h4 Nf6 12. d3 c6 13. Rc1 Qe7 14. Nf4 Bd7 15. Qf3 Ng4 16. Rfd1 Rad8 17.
Qe2 Be5 18. Nh3 Bf6 19. Qd2 Bc8 20. Ne2 Kg7 21. b4 Be6 22. Nef4 a6 23. a4 Qd7 24. Rc2 d5 25. cxd5 Bxd5 26. Nxd5 cxd5 27. d4 Qxa4 28. Nf4 Be7 29. Nxd5 Bf8 30. Rb1 Qd7 31. Nb6 Qe6 32. Na4 b5 33. Nc5 Qf6 34. Ra1 g5 35. Rxa6 Bd6 36. hxg5 Qxg5 37. Nb7 h4 38. Nxd6 hxg3 39.
Nxe8+ Rxe8 40. fxg3 Rxe3 41. Rc3 f4 42. gxf4 Qxf4 43.
Rxe3 Nxe3 44. Ra3 Nxg2 45. Qxg2+ Kf6 46. Rf3 1-0

[Event "Early-Titled-Tuesday-Blitz-October-03-2023"]
[Site "Chess.com"]
[Date "2023.10.03"]
[Round "11"]
[White "RamonManon0g"]
[Black "Ducke13"]
[Result "1-0"]
[WhiteElo "2325"]
[BlackElo "2484"]
[TimeControl "180+1"]
[EndTime "10:07:53 PDT"]
[Termination "RamonManon0g won by checkmate"]

1. e4 c5 2. Nf3 d6 3. Bb5+ Nd7 4. a4 Nf6 5. Nc3 g6 6. O-O a6 7. Bc4 Bg7 8. d3 O-O 9. Bg5 b6 10. Qd2 Bb7 11. Bh6 Qc7 12. Bxg7 Kxg7 13. Rae1 e5 14. h3 Nb8 15. Ng5 h6 16. Nf3 Nc6 17. Nh4 Nd4 18. f4 Nh5 19. f5 g5 20. f6+ Nxf6 21. Nf5+ Nxf5 22. Rxf5 Nh5 23. Kh2 f6 24. g3 Kg6 25.
Ref1 Bc8 26. R5f2 Bb7 27. Qe2 Ng7 28. Bd5 Rae8 29. Bxb7 Qxb7 30. Nd5 Re6 31. g4 b5 32.
axb5 axb5 33. Rf3 c4 34. R1f2 cxd3 35. cxd3 Ne8 36. Qf1 Qg7 37. Qc1 Rf7 38. Qc6 Nc7 39. Ne3 d5 40. Qb7 dxe4 41. Qxe4+ f5 42. gxf5+ Kf6 43. fxe6+ Kxe6 44. Rxf7 Qxf7 45. Rxf7 Kxf7 46. Qh7+ Ke6 47. Qxc7 e4 48. dxe4 g4 49. hxg4 b4 50. Qc5 b3 51. Qd5+ Kf6 52. e5+ Kg5 53. e6+ Kf4 54.
Ng2+ Kxg4 55. Qe4+ Kg5 56. e7 h5 57. e8=Q h4 58. Q8g6# 1-0

[Event "Early-Titled-Tuesday-Blitz-October-03-2023"]
[Site "Chess.com"]
[Date "2023.10.03"]
[Round "11"]
[White "noblerone"]
[Black "carloseduar100"]
[Result "1-0"]
[WhiteElo "2491"]
[BlackElo "2338"]
[TimeControl "180+1"]
[EndTime "10:07:54 PDT"]
[Termination "noblerone won by checkmate"]

1. d4 d5 2. Nf3 e6 3. Bf4 c6 4. e3 Bd6 5. Bg3 Bxg3 6. hxg3 Nd7 7.
Nbd2 Qc7 8. Ng5 Ngf6 9. f4 a6 10. Bd3 h6 11. Ngf3 c5 12. c3 b5 13. Ne5 c4 14.
Bc2 b4 15. g4 bxc3 16. bxc3 Qa5 17. g5 Ng8 18. Nb1 g6 19. g4 Nxe5 20. fxe5 Rb8 21.
Qf3 Rb2 22. Rh2 Bd7 23. a4 Rh7 24. Kd1 Ne7 25. Rxh6 Rxh6 26. gxh6 Kf8 27. Qf6 Rxc2 28. Kxc2 Bxa4+ 29. Kd2 Qb5 30. Rxa4 Qxa4 31. h7 Qa2+ 32. Kc1 Ke8 33. h8=Q+ Kd7 34. Qxf7 Qe2 35. Qhe8+ Kc7 36. Qfxe7+ Kb6 37. Qd6+ Ka5 38. Qc5# 1-0